 Dungeon Sprint DCSS version 0.22-a0-406-g9ff8d77 (webtiles) character file.

617 iamserjio the Cleaver (level 7, -4/70 HPs)
             Began as a Minotaur Berserker on May 8, 2018.
             Was a Priest of Trog.
             Succumbed to Sonja's poison
             ... in the Dungeon (Sprint I: "Red Sonja").
             The game lasted 00:02:54 (902 turns).

iamserjio the Cleaver (Minotaur Berserker)           Turns: 902, Time: 00:02:55

Health: -4/70      AC:  8    Str: 24    XL:     7   Next: 21%
Magic:  6/6        EV: 13    Int:  9    God:    Trog [***...]
Gold:   155        SH:  0    Dex:  9    Spells: 6/6 levels left

rFire    . . .     SeeInvis .   a - +0 hand axe
rCold    . . .     Gourm    .   (no shield)
rNeg     . . .     Faith    .   j - +0 scale mail
rPois    .         Spirit   .   (helmet restricted)
rElec    .         Reflect  .   (no cloak)
rCorr    .         Harm     .   (no gloves)
MR       ++...     NoTele   +   (no boots)
Stlth    ..........             (no amulet)
HPRegen  1.21/turn              (no ring)
MPRegen  0.10/turn              (no ring)

@: brilliant, lethally poisoned (-4 -> -91), berserk cooldown, regenerating,
slowed, very slow
A: retaliatory headbutt, horns 2
a: Berserk, Trog's Hand, Renounce Religion


You were in the Dungeon.
You worshipped Trog.
Trog was most pleased with you.
You were hungry.

You visited 1 branch You collected 297 gold pieces.
You spent 142 gold pieces at shops.

Inventory:

Hand Weapons
 a - a +0 hand axe (weapon)
Armour
 b - a +0 animal skin
 j - a +0 scale mail (worn)
Scrolls
 c - a scroll of fog {unknown}
 i - a scroll of blinking
 l - a scroll of fear
 m - a scroll of enchant armour
Potions
 f - a potion of haste
 g - 2 potions of magic
 h - a potion of berserk rage


   Skills:
 + Level 9.2 Fighting
 * Level 12.1 Axes
 + Level 8.7 Armour
 + Level 8.0 Dodging


You had 6 spell levels left.
You didn't know any spells.

Dungeon Overview and Level Annotations

Branches:
Dungeon (1/1)

Altars:
Cheibriados
Dithmenos
Elyvilon
Fedhas
Gozag
Hepliaklqana
Kikubaaqudgha
Makhleb
Nemelex Xobeh
Okawaru
Qazlal
Ru
Sif Muna
Trog
Uskayaw
Vehumet
Wu Jian
Xom
Yredelemnul
Zin
The Shining One
Jiyva
Lugonu

Shops:
D ?

Annotations:
D Sonja


Innate Abilities, Weirdness & Mutations

You reflexively headbutt those who attack you in melee.
You have a pair of horns on your head.


Message History

You miss Sonja. Your headbutt misses Sonja.
Sonja is heavily wounded.
You feel the effects of Trog's Hand fading.
* * * LOW HITPOINT WARNING * * *
You feel extremely sick.
Sonja hits you with an uncursed dagger of venom.
* * * LOW HITPOINT WARNING * * *
You are more poisoned.
Sonja hits you but does no damage.
You are more poisoned.
Sonja hits you with an uncursed dagger of venom.
* * * LOW HITPOINT WARNING * * *
You are more poisoned.
Sonja says, "Someone hired me to kill you, but I'm not supposed to say who."
Sonja hits you with an uncursed dagger of venom.
* * * LOW HITPOINT WARNING * * *
Sonja hits you but does no damage. Sonja closely misses you.
It was a potion of brilliance.
You feel clever all of a sudden.
You die...

###################
#<.#..)..#.)'..#__#
#..'..#..'..#..'^.+
#..#####'#####'#__#
#..####..#...#.####
#..#__####..##:#
#..#_____##'#_.+
#⌠⌠#_.∩...K..._#
####_..__##@.#+#
#_____###(# #######
#(# +$.$+ #$.$#
##.## #+#


You could see Sonja.

Vanquished Creatures
  A slime creature (D)
  Sigmund (D)
  A yak (D)
  An ogre (D)
  A jelly (D)
  Ijyb (D)
6 creatures vanquished.

Notes
Turn   | Place    | Note
-------+----------+-------------------------------------------
     0 | D        | iamserjio the Minotaur Berserker began the quest for the Orb.
     0 | D        | Reached XP level 1. HP: 19/19 MP: 0/0
     2 | D        | Noticed Ijyb
    20 | D        | Killed Ijyb
    20 | D        | Reached skill level 5 in Axes
    20 | D        | Reached XP level 2. HP: 6/28 MP: 1/1
   280 | D        | Noticed an ogre
   283 | D        | Killed an ogre
   283 | D        | Reached skill level 7 in Axes
   283 | D        | Reached skill level 5 in Armour
   283 | D        | Reached XP level 3. HP: 37/37 MP: 2/2
   283 | D        | Reached XP level 4. HP: 44/44 MP: 3/3
   341 | D        | Noticed Sigmund
   362 | D        | Killed Sigmund
   362 | D        | Reached ** piety under Trog
   362 | D        | Reached skill level 10 in Axes
   362 | D        | Reached XP level 5. HP: 45/52 MP: 4/4
   362 | D        | Reached XP level 6. HP: 52/60 MP: 5/5
   511 | D        | Found a burning altar of Makhleb.
   511 | D        | Found a viscous altar of Jiyva.
   511 | D        | Found a shimmering altar of Xom.
   511 | D        | Found a corrupted altar of Lugonu.
   511 | D        | Noticed a slime creature
   525 | D        | Killed a slime creature
   525 | D        | Reached skill level 11 in Axes
   693 | D        | Found an ornate altar of the Wu Jian Council.
   693 | D        | Found a deep blue altar of Sif Muna.
   696 | D        | Found a radiant altar of Vehumet.
   733 | D        | Found Fyluil's Magic Scroll Emporium.
   733 | D        | Found an ancient bone altar of Kikubaaqudgha.
   733 | D        | Found a hazy altar of Hepliaklqana.
   733 | D        | Found a hide-covered altar of Uskayaw.
   733 | D        | Found a basalt altar of Yredelemnul.
   733 | D        | Found an opulent altar of Gozag.
   733 | D        | Found a snail-covered altar of Cheibriados.
   733 | D        | Found a sacrificial altar of Ru.
   733 | D        | Found a shadowy altar of Dithmenos.
   733 | D        | Noticed a yak
   743 | D        | Killed a yak
   743 | D        | Reached *** piety under Trog
   743 | D        | Reached skill level 12 in Axes
   743 | D        | Reached XP level 7. HP: 42/70 MP: 6/6
   744 | D        | Found a stormy altar of Qazlal.
   744 | D        | Found a blossoming altar of Fedhas.
   744 | D        | Found a bloodstained altar of Trog.
   744 | D        | Found an iron altar of Okawaru.
   744 | D        | Found a glowing golden altar of the Shining One.
   744 | D        | Found a glowing silver altar of Zin.
   744 | D        | Found a white marble altar of Elyvilon.
   876 | D        | Found a sparkling altar of Nemelex Xobeh.
   880 | D        | Bought a scroll of fear for 45 gold pieces
   880 | D        | Bought a scroll of enchant armour for 97 gold pieces
   885 | D        | Noticed Sonja
   896 | D        | HP: 3/70 [poisoned by Sonja]
   902 | D        | Succumbed to Sonja's poison

Vault maps used:
D:        dungeon_sprint_1

Skill      XL: |  1  2  3  4  5  6 |
---------------+-------------------+-----
Fighting       | 4 6 7 9 |  9.2
Axes           | 5 7 10 12 | 12.1
Armour         | 3 5 7 8 |  8.7
Dodging        | 3 4 6 8 |  8.0

Action                   |  1- 3 |  4- 6 |  7- 9 || total
-------------------------+-------+-------+-------++-------
Melee: Hand axe          |    18 |    35 |     8 ||    61
       Headbutt          |     2 |     6 |       ||     8
Invok: Berserk           |     2 |     1 |     1 ||     4
       Trog's Hand       |       |       |     1 ||     1
  Use: Potion            |       |       |     3 ||     3
 Stab: Sleeping          |     1 |       |       ||     1
  Eat: Ration            |       |     1 |       ||     1
Armor: Animal skin       |     1 |       |       ||     1
       Scale mail        |       |     3 |    23 ||    26
Dodge: Dodged            |     9 |    15 |    11 ||    35

Table legend:
 A = Spawn XP
 B = Non-spawn XP
 C = Spawn XP percentage of total XP
 D = Spawn monster count
 E = Non-spawn monster count
 F = Spawn count percentage of total count
 G = Total turns spent on level
                    A         B        C        D         E        F      G
               +---------+---------+-------+---------+---------+-------+---------
         Total |       0 |     882 |   0.0 |       0 |       6 |   0.0 |   902
               +---------+---------+-------+---------+---------+-------+---------
             D |       0 |     882 |   0.0 |       0 |       6 |   0.0 |   902
               +---------+---------+-------+---------+---------+-------+---------
